 Dungeon Crawl Stone Soup version 0.20.1-1-g8b1a95d (webtiles) character file.

130 wolfsongas the Cudgeler (level 5, -5/45 HPs)
             Began as a Hill Orc Monk on Aug 2, 2017.
             Slain by Crazy Yiuf
             ... wielding a +4 quarterstaff of chaos
              (10 damage)
             ... while paralysed by Crazy Yiuf
             ... on level 2 of the Dungeon.
             The game lasted 00:05:52 (2627 turns).

wolfsongas the Cudgeler (Hill Orc Monk)             Turns: 2627, Time: 00:05:53

Health: -5/45      AC:  2    Str: 15    XL:     5   Next: 14%
Magic:  5/5        EV:  2    Int: 10    God:
Gold:   125        SH:  0    Dex: 13    Spells: 4/4 levels left

rFire    . . .     SeeInvis .   k - +0 hand axe
rCold    . . .     Gourm    .   (no shield)
rNeg     . . .     Faith    .   b - +0 robe
rPois    .         Spirit   .   (no helmet)
rElec    .         Reflect  .   (no cloak)
rCorr    .         Harm     .   (no gloves)
MR       .....                  (no boots)
Stlth    ++........             (no amulet)
Regen    0.2/turn               (no ring)
MPRegen  0.1/turn               (no ring)

@: paralysed, lethally poisoned (-5 -> -22), hasted
A: no striking features
a: no special abilities


You were on level 2 of the Dungeon.
You were not hungry.

You visited 1 branch of the dungeon, and saw 2 of its levels.

You collected 125 gold pieces.

Inventory:

Hand Weapons
 a - a +0 mace
 k - a +0 hand axe (weapon)
Armour
 b - a +0 robe (worn)
 l - a +0 chain mail
Scrolls
 c - a scroll of amnesia
 i - a scroll of identify
 j - 2 scrolls of remove curse {unknown}
 m - a scroll of teleportation {unknown}
Potions
 d - 2 potions of heal wounds
 e - a potion of haste
 f - a potion of might {unknown}
 g - a potion of magic
 h - 2 potions of cancellation {unknown}


   Skills:
 - Level 3.6 Fighting
 * Level 2.7(4.9) Axes
 - Level 5.3(5.5) Maces & Flails
 - Level 2.7 Dodging
 - Level 1.5 Stealth


You had 4 spell levels left.
You didn't know any spells.

Dungeon Overview and Level Annotations

Branches:
Dungeon (2/15)

Altars:
Gozag
Xom

Annotations:
D:2 Crazy Yiuf


Message History

There is an open door here.
You see here a mace.
Crazy Yiuf shouts!
Crazy Yiuf hits you with a quarterstaff of chaos!
Crazy Yiuf burns you.
You see here a mace.
You hit Crazy Yiuf but do no damage. You completely miss Crazy Yiuf.
Crazy Yiuf barely misses you.
You barely miss Crazy Yiuf.
Crazy Yiuf hits you with a quarterstaff of chaos.
You suddenly lose the ability to move!
Crazy Yiuf whimpers, "Pitchfork bush action!"
Crazy Yiuf hits you with a quarterstaff of chaos!
You are lethally poisoned!
* * * LOW HITPOINT WARNING * * *
You feel sick.
Crazy Yiuf hits you with a quarterstaff of chaos!
* * * LOW HITPOINT WARNING * * *
You are electrocuted!
You die...

###.##...........#
#..#
#....######..#.###..#
###### #.........#
########### ##. ####
##### ♣♣#### #####.#
#.. #).)#♣♣ ♣♣....##
......##..#
#g@)'.♣♣♣♣.P....#
#.......#.###
#...#♣.)♣..P....#
#.^^........
#####♣♣♣)♣.P....#
#.^_^..)#.#
♣♣♣♣♣##.##
..^^^..#..### #.#
......#.#...######
##.#
#.####.#####.....#
#..# #.# ### ##.####
##.## #.###### #.#
#.###..#


You could see Crazy Yiuf.

Vanquished Creatures
  Terence (D:2)
  3 adders (D:2)
  3 worms (D:2)
  3 dart slugs
  2 leopard geckos (D:1)
  2 giant cockroaches (D:1)
  6 goblins
  8 hobgoblins
  4 jackals (D:2)
  9 kobolds
  2 quokkas (D:2)
  4 bats
  8 frilled lizards
  8 rats
63 creatures vanquished.

Notes
Turn   | Place    | Note
-------+----------+-------------------------------------------
     0 | D:1      | wolfsongas the Hill Orc Monk began the quest for the Orb.
     0 | D:1      | Reached XP level 1. HP: 19/19 MP: 1/1
   387 | D:1      | Reached XP level 2. HP: 23/26 MP: 2/2
   417 | D:1      | Reached skill level 4 in Maces & Flails
   653 | D:1      | Reached XP level 3. HP: 25/31 MP: 3/3
  1453 | D:2      | Found a shimmering altar of Xom.
  1504 | D:2      | Found an opulent altar of Gozag.
  1712 | D:2      | Reached XP level 4. HP: 37/39 MP: 4/4
  1733 | D:2      | Noticed Terence
  1749 | D:2      | Killed Terence
  1749 | D:2      | Reached skill level 5 in Maces & Flails
  1942 | D:2      | Reached skill level 1 in Axes
  2426 | D:2      | Reached XP level 5. HP: 29/45 MP: 5/5
  2611 | D:2      | Found a runed door.
  2618 | D:2      | Noticed Crazy Yiuf
  2624 | D:2      | Paralysed by Crazy Yiuf for 5 turns
  2627 | D:2      | Slain by Crazy Yiuf

Skill      XL: |  1  2  3  4 |
---------------+-------------+-----
Maces & Flails | 4 5 |  5.3
Axes           | 2 |  2.7
Fighting       | |  3.6
Dodging        | |  2.7
Stealth        | |  1.5

Action                   |  1- 3 |  4- 6 || total
-------------------------+-------+-------++-------
Melee: Mace              |   123 |    18 ||   141
       Hand axe          |       |    88 ||    88
  Use: Scroll            |     3 |       ||     3
       Potion            |       |     3 ||     3
 Stab: Sleeping          |     4 |     5 ||     9
       Distracted        |     1 |       ||     1
  Eat: Bread ration      |     2 |       ||     2
Armor: Robe              |    21 |    15 ||    36
Dodge: Dodged            |    84 |    56 ||   140
